 Dungeon Crawl Stone Soup version 0.29.0-4-gdea44cf6ec (webtiles) character file.

Game seed: 14359654180855390749

89 qw the Ruffian (level 4, -3/35 HPs)
             Began as a Ghoul Enchanter on Sept 5, 2022.
             Slain by a goblin
             ... wielding a +0 club
             ... led by Robin
              (5 damage)
             ... on level 2 of the Dungeon.
             The game lasted 00:01:20 (3452 turns).

qw the Ruffian (Ghoul Enchanter)                    Turns: 3452, Time: 00:01:21

Health: -3/35      AC:  2    Str: 13    XL:     4   Next: 55%
Magic:  5/5        EV: 12    Int: 10    God:
Gold:   71         SH:  0    Dex:  9    Spells: 6/6 levels left

rFire   . . .      SeeInvis .     - Unarmed
rCold   + . .      Faith    .   (no shield)
rNeg    + + +      Spirit   .   b - +0 robe
rPois   inf        Reflect  .   (no helmet)
rElec   .          Harm     .   (no cloak)
rCorr   .          Rampage  .   (no gloves)
Will    .....                   (no boots)
Stlth   ++........              (no amulet)
HPRegen 0.00/turn               (no ring)
MPRegen 0.09/turn               (no ring)

@: inhibited regen
A: claws 1, cold resistance 1, negative energy resistance 3, inhibited
regeneration, torment resistance 2, devour on kill
a: no special abilities


You were on level 2 of the Dungeon.
You visited 1 branch of the dungeon, and saw 2 of its levels.

You collected 71 gold pieces.


Innate Abilities, Weirdness & Mutations

You are immune to poison.
You have sharp fingernails.
Your flesh is cold resistant. (rC+)
You are immune to negative energy. (rN+++)
You do not regenerate when monsters are visible.
You are immune to unholy pain and torment.
You thrive by killing the living.


   Skills:
 + Level 1.4 Fighting
 - Level 0.8 Short Blades
 - Level 1.7 Dodging
 - Level 3.2 Stealth
 - Level 4.0 Unarmed Combat
 - Level 1.7 Spellcasting
 - Level 2.4 Hexes


You had 6 spell levels left.
You didn't know any spells.
Your spell library contained the following spells:

 Spells                   Type           Power      Damage    Failure   Level
 Ensorcelled Hibernation  Hex/Ice        6%         N/A       30%         2
 Confusing Touch          Hex            5%         N/A       34%         3
 Tukima's Dance           Hex            5%         N/A       34%         3
 Dazzling Flash           Conj/Hex       6%         N/A       52%         3

Inventory:

Armour
 b - a +0 robe (worn)
 d - a +0 ring mail
 i - a +0 scale mail
Jewellery
 f - an amulet of guardian spirit
 g - a ring of fire
Scrolls
 e - a scroll of vulnerability {unknown}
 h - a scroll of identify
 l - 2 scrolls of enchant weapon
Potions
 a - a potion of might
 c - a potion of haste {unknown}
 n - a potion of curing

Dungeon Overview and Level Annotations

Branches:
Dungeon (2/15)

Altars:

Annotations:
D:2 Robin


Message History

3432 ||| FLEEEEING.
The goblin no longer looks unusually strong.
3433 ||| FLEEEEING.
There is a stone staircase leading down here.
3434 ||| FLEEEEING.
3435 ||| FLEEEEING.
3436 ||| FLEEEEING.
3437 ||| FLEEEEING.
3438 ||| FLEEEEING.
3439 ||| FLEEEEING.
3440 ||| FLEEEEING.
Robin roars a battlecry!
The goblin goes into a battle-frenzy!
3441 ||| FLEEEEING.
3442 ||| FLEEEEING.
3443 ||| Stepping ~*~*~tactically~*~*~ (outnumbered).
The goblin attacks as you move away! The goblin barely misses you.
You closely miss the goblin. The goblin hits you with a +0 club.
You closely miss the goblin. The goblin barely misses you.
3446 ||| Stepping ~*~*~tactically~*~*~ (outnumbered).
The goblin no longer looks unusually strong.
Robin says, "Kneel, worm!"
Robin roars a battlecry!
The goblin goes into a battle-frenzy!
3447 ||| Stepping ~*~*~tactically~*~*~ (outnumbered).
3448 ||| Stepping ~*~*~tactically~*~*~ (outnumbered).
The goblin attacks as you move away! The goblin closely misses you.
3449 ||| Stepping ~*~*~tactically~*~*~ (outnumbered).
Robin roars a battlecry!
The goblins go into a battle-frenzy!
You scratch Robin.
Robin is moderately wounded.
Robin hits you with a +0 club.
3451 ||| Stepping ~*~*~tactically~*~*~ (outnumbered).
The goblin attacks as you move away! The goblin misses you.
3452 ||| Stepping ~*~*~tactically~*~*~ (outnumbered).
The goblin attacks as you move away! The goblin hits you with a +0 club.
You die...

#..g #.. ...... #... #.#.#
######## ####... #####.#.#
#....... .....g.######>....#.#
#.######
...$...).......#..#.###.######
###########....#..#........#..
#....##....##.##.#<.
#####...g.#....##.##.#..
#......@gg..#...#.#.....
######.###..gg#..............
#......#......g...<....######
#.######.#.........#.......#. #.#
#....#...................
#.###.###.##.#..##.......####..#.
#............#..##.####.## #....
#####............... #..# ##...
#####........#####.#######.#.


You could see Robin and 5 goblins.

Vanquished Creatures
  4 adders (D:2)
  A worm (D:2)
  5 bats (D:1)
  5 endoplasms
  A giant cockroach (D:1)
  4 hobgoblins
  3 jackals (D:1)
  5 kobolds
  A ball python (D:2)
  7 frilled lizards
  9 goblins
  3 rats
48 creatures vanquished.

Notes
Turn   | Place    | Note
-------+----------+-------------------------------------------
     0 | D:1      | qw the Ghoul Enchanter began the quest for the Orb.
     0 | D:1      | Reached XP level 1. HP: 14/14 MP: 2/2
     0 | D:1      | 0 ||| qw: Version: 0.1-a-104-g96f76f8
     0 | D:1      | 0 ||| qw: Game counter: 5879
     0 | D:1      | 0 ||| qw: Always use a shield: true
     0 | D:1      | 0 ||| qw: God list: Okawaru
     0 | D:1      | 0 ||| qw: Allow faded altars: false
     0 | D:1      | 0 ||| qw: Do Orc after D:15 true
     0 | D:1      | 0 ||| qw: Do second Lair branch before Depths: true
     0 | D:1      | 0 ||| qw: Lair rune preference: random
     0 | D:1      | 0 ||| qw: Plans: Normal
     0 | D:1      | 0 ||| PLANNING D:1-11
     1 | D:1      | 1 ||| DROPPING +1 dagger.
   178 | D:1      | Reached skill level 1 in Unarmed Combat
   419 | D:1      | Reached skill level 1 in Fighting
   419 | D:1      | Reached XP level 2. HP: 11/23 MP: 3/3
   616 | D:1      | 616 ||| Stepping ~*~*~tactically~*~*~ (stealth).
   619 | D:1      | 619 ||| Stepping ~*~*~tactically~*~*~ (stealth).
   621 | D:1      | 621 ||| Stepping ~*~*~tactically~*~*~ (stealth).
   626 | D:1      | 626 ||| Stepping ~*~*~tactically~*~*~ (stealth).
   627 | D:1      | 627 ||| Stepping ~*~*~tactically~*~*~ (stealth).
   631 | D:1      | 631 ||| Stepping ~*~*~tactically~*~*~ (stealth).
   632 | D:1      | 632 ||| Stepping ~*~*~tactically~*~*~ (stealth).
   636 | D:1      | 636 ||| Stepping ~*~*~tactically~*~*~ (stealth).
   637 | D:1      | 637 ||| Stepping ~*~*~tactically~*~*~ (stealth).
   641 | D:1      | 641 ||| Stepping ~*~*~tactically~*~*~ (stealth).
   642 | D:1      | 642 ||| Stepping ~*~*~tactically~*~*~ (stealth).
   644 | D:1      | 644 ||| Stepping ~*~*~tactically~*~*~ (stealth).
   645 | D:1      | 645 ||| Stepping ~*~*~tactically~*~*~ (stealth).
   966 | D:1      | 966 ||| Stepping ~*~*~tactically~*~*~ (outnumbered).
   970 | D:1      | 970 ||| Stepping ~*~*~tactically~*~*~ (outnumbered).
  1136 | D:1      | Reached skill level 2 in Unarmed Combat
  1145 | D:1      | 1145 ||| Stepping ~*~*~tactically~*~*~ (outnumbered).
  1147 | D:1      | 1147 ||| Stepping ~*~*~tactically~*~*~ (outnumbered).
  1163 | D:1      | 1163 ||| Stepping ~*~*~tactically~*~*~ (stealth).
  1382 | D:1      | Reached XP level 3. HP: 27/28 MP: 4/4
  1581 | D:1      | 1581 ||| Stepping ~*~*~tactically~*~*~ (outnumbered).
  1829 | D:1      | 1829 ||| DROPPING amulet of magic regeneration.
  1830 | D:1      | 1830 ||| READING 2 scrolls labelled JAM ZEEREM.
  1831 | D:1      | 1831 ||| READING 5 scrolls labelled GIAQORU QARGHUFF.
  1832 | D:1      | 1832 ||| READING scroll labelled HAX DEMUFU.
  1835 | D:1      | 1835 ||| READING 3 scrolls labelled GUPUCAPIKU.
  1836 | D:1      | 1836 ||| READING scroll labelled ICAUMAISUAT.
  1837 | D:1      | 1837 ||| DRINKING 2 fuming silvery potions.
  1838 | D:1      | 1838 ||| DRINKING 2 orange potions.
  1839 | D:1      | 1839 ||| READING 4 scrolls of identify.
  1839 | D:1      | 1839 ||| IDENTIFYING viscous coppery potion
  1840 | D:1      | 1840 ||| READING 3 scrolls of identify.
  1840 | D:1      | 1840 ||| IDENTIFYING white potion
  1841 | D:1      | 1841 ||| READING 2 scrolls of identify.
  1841 | D:1      | 1841 ||| IDENTIFYING purple potion
  1842 | D:1      | 1842 ||| DROPPING 2 potions of invisibility.
  1843 | D:1      | 1843 ||| DROPPING scroll of noise.
  1844 | D:1      | 1844 ||| DROPPING potion of brilliance.
  1845 | D:1      | 1845 ||| DROPPING potion of flight.
  1846 | D:1      | 1846 ||| DROPPING potion of degeneration.
  2178 | D:2      | Reached skill level 3 in Unarmed Combat
  2285 | D:2      | HP: 6/28 [adder (2)]
  2287 | D:2      | Reached XP level 4. HP: 8/35 MP: 5/5
  2827 | D:2      | Reached skill level 4 in Unarmed Combat
  3096 | D:2      | 3096 ||| Stepping ~*~*~tactically~*~*~ (hiding).
  3198 | D:2      | 3198 ||| Stepping ~*~*~tactically~*~*~ (hiding).
  3300 | D:2      | 3300 ||| Stepping ~*~*~tactically~*~*~ (hiding).
  3402 | D:2      | 3402 ||| Stepping ~*~*~tactically~*~*~ (hiding).
  3408 | D:2      | Noticed Robin
  3409 | D:2      | 3409 ||| Stepping ~*~*~tactically~*~*~ (outnumbered).
  3422 | D:2      | HP: 5/35 [goblin/+0 dagger[Robin] (5)]
  3425 | D:2      | HP: 1/35 [goblin/+0 dagger[Robin] (2)]
  3429 | D:2      | 3429 ||| FLEEEEING.
  3430 | D:2      | 3430 ||| FLEEEEING.
  3431 | D:2      | 3431 ||| FLEEEEING.
  3432 | D:2      | 3432 ||| FLEEEEING.
  3433 | D:2      | 3433 ||| FLEEEEING.
  3434 | D:2      | 3434 ||| FLEEEEING.
  3435 | D:2      | 3435 ||| FLEEEEING.
  3436 | D:2      | 3436 ||| FLEEEEING.
  3437 | D:2      | 3437 ||| FLEEEEING.
  3438 | D:2      | 3438 ||| FLEEEEING.
  3439 | D:2      | 3439 ||| FLEEEEING.
  3440 | D:2      | 3440 ||| FLEEEEING.
  3441 | D:2      | 3441 ||| FLEEEEING.
  3442 | D:2      | 3442 ||| FLEEEEING.
  3443 | D:2      | 3443 ||| Stepping ~*~*~tactically~*~*~ (outnumbered).
  3444 | D:2      | HP: 4/35 [goblin/+0 club[Robin] (3)]
  3446 | D:2      | 3446 ||| Stepping ~*~*~tactically~*~*~ (outnumbered).
  3447 | D:2      | 3447 ||| Stepping ~*~*~tactically~*~*~ (outnumbered).
  3448 | D:2      | 3448 ||| Stepping ~*~*~tactically~*~*~ (outnumbered).
  3449 | D:2      | 3449 ||| Stepping ~*~*~tactically~*~*~ (outnumbered).
  3450 | D:2      | HP: 2/35 [Robin/+0 club (2)]
  3451 | D:2      | 3451 ||| Stepping ~*~*~tactically~*~*~ (outnumbered).
  3452 | D:2      | 3452 ||| Stepping ~*~*~tactically~*~*~ (outnumbered).
  3452 | D:2      | Slain by a goblin

Levels and vault maps discovered:
D:1:      dpeg_arrival_shelter, layout_basic, minmay_misc_feat_tiny,
          chequers_decorated_corner, bh_walls_and_bars
D:2:      layout_basic, uniq_robin

Skill      XL: |  1  2  3  4 |
---------------+-------------+-----
Unarmed Combat | 1 2 3 4 |  4.0
Fighting       | 1 |  1.4
Short Blades   | |  0.8
Dodging        | |  1.7
Stealth        | |  3.2
Spellcasting   | |  1.7
Hexes          | |  2.4

Action                   |  1- 3 |  4- 6 || total
-------------------------+-------+-------++-------
Melee: Unarmed           |   152 |    52 ||   204
       Punch             |     2 |       ||     2
  Use: Scroll            |     8 |       ||     8
       Potion            |     2 |       ||     2
 Stab: Sleeping          |     1 |     1 ||     2
Armor: Robe              |    32 |     8 ||    40
Dodge: Dodged            |    67 |    29 ||    96

Table legend:
 A = Non-vault XP
 B = Vault XP
 C = Vault XP percentage of total XP
 D = Non-vault monster count
 E = Vault monster count
 F = Vault count percentage of total count
                 A         B        C        D         E       F
            +---------+---------+-------+---------+---------+-------
      Total |     117 |      11 |   8.6 |      42 |       6 |  12.5
            +---------+---------+-------+---------+---------+-------
        D:1 |      42 |       0 |   0.0 |      26 |       0 |   0.0
        D:2 |      75 |      11 |  12.8 |      16 |       6 |  27.3
            +---------+---------+-------+---------+---------+-------
